AoeStats
← THEMADBANANAMAN

Fortress

510626664Analyzed
1v1 RM · 2d ago on Oct 1, 2026· 40m 24s· 2 players
Game mode
Random Map
Map size
Small (3 player)
Population
200
Speed
Normal
Resources
Standard
Victory
Conquest
Starting age
Dark Age
Ending age
Imperial Age
RankedLock teamsTeams togetherTeam positionsShared explorationLock speedFull tech treeHidden civsTurbo modeCheats
Victory
Defeat
🇬🇧 Saracens · United Kingdom
1382
+18
🇺🇸 Vikings · United States
1415
-18
THEMADBANANAMAN
8:24 Feudal Age
8:43 Loom
12:12 Castle Age
10:05 Double-Bit Axe
14:16 Bow Saw
14:37 Horse Collar
19:57 Wheelbarrow
19:08 Town Watch
21:18 Gold Mining
21:19 Stone Mining
23:35 Heavy Plow
25:40 Gold Shaft Mining
28:11 Imperial Age
25:59 Hand Cart
26:10 Forging
26:06 Scale Barding Armor
26:10 Padded Archer Armor
27:31 Iron Casting
27:12 Town Patrol
28:02 Fletching
28:18 Elite Mameluke
29:56 Chain Barding Armor
30:37 Blast Furnace
30:45 Conscription
31:48 Plate Barding Armor
31:37 Heavy Camel Rider
32:28 Bloodlines
33:39 Chemistry
33:00 Ballistics
33:45 Two-Man Saw
33:01 Light Cavalry
33:44 Husbandry
34:08 Siege Engineers
35:11 Hoardings
34:13 Hussar
36:01 Bodkin Arrow
38:51 Bracer
Stanley Goodspeed
7:32 Feudal Age
11:26 Castle Age
9:37 Double-Bit Axe
9:51 Horse Collar
12:33 Bow Saw
16:58 Heavy Plow
20:06 Loom
24:34 Imperial Age
22:26 Gold Mining
22:28 Stone Mining
22:56 Squires
22:42 Arson
23:04 Scale Mail Armor
25:01 Chain Mail Armor
24:37 Capped Ram
25:59 Conscription
26:16 Plate Mail Armor
26:46 Forging
26:27 Fletching
27:45 Padded Archer Armor
27:32 Elite Skirmisher
28:25 Bodkin Arrow
29:06 Iron Casting
27:58 Crossbowman
28:39 Arbalester
29:37 Leather Archer Armor
29:57 Ballistics
30:38 Chemistry
30:24 Bracer
30:03 Elite Varangian Guard
31:30 Siege Ram
36:25 Ring Archer Armor
36:37 Pikeman
38:21 Bogsveigar
38:23 Chieftains
39:13 Hoardings
38:52 Masonry
39:45 Iron Casting
Connection lost

Rejoining the realm…

Still unreachable

The connection could not be restored.

Session expired

The server has moved on; the page needs a fresh start.